 Dungeon Crawl Stone Soup version 0.29-a0-887-gcbe080d7e0 (webtiles) character file.

Game seed: 4201921875051309076

534689 HoaS the Acrobat (level 25, -2/178 HPs)
             Began as a Gargoyle Hunter on July 20, 2022.
             Was the Champion of Okawaru.
             Slain by an angel
             ... wielding a +1 sacred scourge of holy wrath
              (6 damage)
             ... on level 4 of the Depths on July 22, 2022.
             The game lasted 02:37:06 (51653 turns).

HoaS the Acrobat (Gargoyle Hunter)                 Turns: 51653, Time: 02:37:07

Health: -2/178     AC: 17    Str: 11 (15) XL:     25   Next: 76%
Magic:  18/30      EV: 41    Int: 10 (14) God:    Okawaru [******]
Gold:   1896       SH:  0    Dex: 17 (21) Spells: 24/24 levels left

rFire   + + .      SeeInvis .   (weapon currently unavailable)
rCold   + + .      Faith    .   (shield currently unavailable)
rNeg    + + +      Spirit   .   (body armour currently unavailable)
rPois   ∞          Reflect  .   (helmet currently unavailable)
rElec   +          Harm     .   (cloak currently unavailable)
rCorr   +          Rampage  .   (gloves currently unavailable)
Will    +....                   (boots currently unavailable)
Stlth   +.........              (amulet currently unavailable)
HPRegen 0.39/turn               (ring currently unavailable)
MPRegen 0.22/turn               (ring currently unavailable)

@: about to teleport, wisp-form, silenced (expiring), flying, glowing, studying
Evocations
A: insubstantial, flying, no casting, sickness immunity, AC +19, tiny, (big
wings), negative energy resistance 1, (electricity resistance), torment
resistance 1, petrification resistance
}: 3/15 runes: serpentine, barnacled, silver
a: Renounce Religion


You were on level 4 of the Depths.
You worshipped Okawaru.
Okawaru was exalted by your worship.
You were an insubstantial wisp.
You visited 10 branches of the dungeon, and saw 43 of its levels.
You visited the Abyss 1 time.
You visited 1 bazaar.
You also visited: Trove, Ossuary, Bailey, Ice Cave and Desolation.

You collected 6940 gold pieces.
You spent 5044 gold pieces at shops.

Inventory:

Hand Weapons
 H - the +7 longbow of Xuovueskol (melded) {flame, rPois rF++ Str+5 Int-5}
   (Okawaru gifted it to you on level 5 of the Lair of Beasts)

   Any ammunition fired from it burns those it strikes, dealing additional fire
   damage.
   Str:       It affects your strength (+5).
   Int:       It affects your intelligence (-5).
   rF:        It greatly protects you from fire.
   rPois:     It protects you from poison.
 M - the +4 triple crossbow of Defiance {vorpal, Dex+4}
   (Okawaru gifted it to you on level 2 of the Snake Pit)

   Any ammunition fired from it inflicts extra damage upon your enemies.
   Dex:       It affects your dexterity (+4).
Missiles
 r - 12 throwing nets
Armour
 c - the +2 helmet "Bify" (melded) {Will+ Dex+5}
   (Okawaru gifted it to you on level 5 of the Vaults)

   Dex:       It affects your dexterity (+5).
   Will:      It increases your willpower.
 k - a +2 pair of boots (melded)
 K - the +0 cloak of a Million Xenops (melded) {rElec rF+ Int+5 Dex+2}
   (You found it on level 2 of the Snake Pit)

   Int:       It affects your intelligence (+5).
   Dex:       It affects your dexterity (+2).
   rF:        It protects you from fire.
   rElec:     It insulates you from electricity.
 V - the +0 pair of fencer's gloves (melded) {Riposte Dex+3}
   (You found it in the Desolation of Salt)

   It allows the wearer to riposte with melee weapons, swiftly retaliating
   against missed or blocked melee attacks.
   Dex:       It affects your dexterity (+3).
 W - the +0 leather armour of Beauty (melded) {MP-9 Int+6 Dex+9}
   (You found it in a treasure trove)

   Int:       It affects your intelligence (+6).
   Dex:       It affects your dexterity (+9).
   MP:        It affects your magic capacity (-9).
Jewellery
 f - a +7 ring of protection (melded)
 n - a ring of resist corrosion
 s - a ring of willpower
 E - a +4 ring of protection
 I - a +4 ring of protection
 J - a ring of see invisible
 L - a ring of ice
 N - a +9 ring of dexterity (melded)
 R - the amulet "Oroatsu" (melded) {Regen+ Int+3 Stlth-}
   (You took it off a merfolk on level 4 of the Shoals)

   [amulet of regeneration]

   Int:       It affects your intelligence (+3).
   Regen:     It increases your rate of health regeneration.
   Stlth:     It makes you less stealthy.
Wands
 i - a wand of digging (4)
 v - a wand of acid (15)
Scrolls
 b - 17 scrolls of immolation
 m - 9 scrolls of poison
 p - 2 scrolls of silence
 u - 3 scrolls of magic mapping
 w - 20 scrolls of teleportation
 x - 7 scrolls of fear
 y - 4 scrolls of blinking
 z - a scroll of fog
 P - 3 scrolls of brand weapon
 Q - 10 scrolls of enchant weapon
Potions
 a - 2 potions of invisibility
 d - 6 potions of resistance
 g - 6 potions of curing
 h - 5 potions of ambrosia
 j - 7 potions of mutation
 l - 7 potions of attraction
 o - 6 potions of cancellation
 q - 5 potions of might
 t - 9 potions of haste
 A - 9 potions of lignification
 B - 5 potions of heal wounds
 O - 2 potions of berserk rage


   Skills:
 * Level 24.0 Fighting
 * Level 23.7 Ranged Weapons
 + Level 16.0 Armour
 * Level 24.4 Dodging
 - Level 1.1 Stealth
 - Level 9.5 Invocations


You had 24 spell levels left.
You didn't know any spells.
Your spell library contained the following spells:

 Spells                   Type           Power      Damage    Failure   Level
 Foxfire                  Conj/Fire      0%         2x1d4     36%         1
 Freeze                   Ice            0%         1d3       36%         1
 Magic Dart               Conj           0%         1d3       36%         1
 Sandblast                Erth           0%         2d4       36%         1
 Shock                    Conj/Air       0%         1d3       36%         1
 Blink                    Tloc           0%         N/A       50%         2
 Ensorcelled Hibernation  Hex/Ice        0%         N/A       50%         2
 Poisonous Vapours        Pois/Air       0%         N/A       50%         2
 Scorch                   Fire           0%         2d5       50%         2
 Searing Ray              Conj           0%         2d4       50%         2
 Static Discharge         Conj/Air       0%         3-3/arc   50%         2
 Conjure Flame            Conj/Fire      0%         6-21      75%         3
 Dazzling Flash           Conj/Hex       0%         N/A       75%         3
 Frozen Ramparts          Ice            0%         1d2       75%         3
 Gell's Gravitas          Tloc           0%         N/A       75%         3
 Ignite Poison            Fire/Tmut/Pois 0%         N/A       75%         3
 Inner Flame              Hex/Fire       0%         N/A       75%         3
 Lesser Beckoning         Tloc           0%         N/A       75%         3
 Mephitic Cloud           Conj/Pois/Air  0%         N/A       75%         3
 Ozocubu's Armour         Ice            0%         N/A       75%         3
 Spider Form              Tmut/Pois      0%         N/A       75%         3
 Swiftness                Air            0%         N/A       75%         3
 Airstrike                Air            0%         0-1+      98%         4
 Anguish                  Hex/Necr       0%         N/A       98%         4
 Cause Fear               Hex            0%         N/A       98%         4
 Corpse Rot               Necr/Pois/Air  0%         N/A       98%         4
 Dispel Undead            Necr           0%         3d6       98%         4
 Flame Wave               Conj/Fire      0%         2d4       98%         4
 Fulminant Prism          Conj/Hex       0%         3d6       98%         4
 Hailstorm                Conj/Ice       0%         3d3       98%         4
 Ice Form                 Ice/Tmut       0%         N/A       98%         4
 Iskenderun's Mystic Bla  Conj/Tloc      0%         2d3       98%         4
 Leda's Liquefaction      Hex/Erth       0%         N/A       98%         4
 Olgreb's Toxic Radiance  Pois           0%         N/A       98%         4
 Sticky Flame             Conj/Fire      0%         2d3       98%         4
 Blade Hands              Tmut           0%         N/A       100%        5
 Freezing Cloud           Conj/Ice/Air   0%         6-21      100%        5
 Irradiate                Conj/Tmut      0%         3d11      100%        5
 Lee's Rapid Deconstruct  Erth           0%         3d5*      100%        5
 Lightning Bolt           Conj/Air       0%         1d11      100%        5
 Manifold Assault         Tloc           0%         N/A       100%        5
 Dispersal                Tloc           0%         N/A       100%        6
 Iron Shot                Conj/Erth      0%         9d1       100%        6
 Starburst                Conj/Fire      0%         6d3       100%        6
 Dragon Form              Tmut           0%         N/A       100%        7
 Orb of Destruction       Conj           0%         9d5       100%        7
 Ozocubu's Refrigeration  Ice            0%         4d5       100%        7
 Storm Form               Tmut/Air       0%         N/A       100%        7
 Discord                  Hex            0%         N/A       100%        8
 Ignition                 Fire           0%         3d3       100%        8
 Maxwell's Capacitive Co  Air            0%         ∞         100%        8
 Chain Lightning          Conj/Air       0%         N/A       100%        9
 Summon Small Mammal      Summ           Unusable   N/A       N/A         1
 Summon Guardian Golem    Hex/Summ       Unusable   N/A       N/A         3
 Animate Armour           Summ/Erth      Unusable   N/A       N/A         4
 Death Channel            Necr           Unusable   N/A       N/A         6
 Simulacrum               Ice/Necr       Unusable   N/A       N/A         6
 Statue Form              Tmut/Erth      Unusable   N/A       N/A         6
 Summon Cactus Giant      Summ           Unusable   N/A       N/A         6
 Malign Gateway           Summ/Tloc      Unusable   N/A       N/A         7
 Spellforged Servitor     Conj/Summ      Unusable   N/A       N/A         7

Dungeon Overview and Level Annotations

Branches:
Dungeon (15/15)            Temple (1/1) D:5            Lair (5/5) D:9
 Shoals (4/4) Lair:2        Snake (4/4) Lair:3        Slime (0/5) Lair:4
    Orc (2/2) D:11            Elf (2/3) Orc:2        Vaults (5/5) D:14
  Crypt (0/3) Vaults:3     Depths (4/4) D:15            Zot (1/5) Depths:4
Ossuary (visited)          Bailey (visited)           IceCv (visited)
Desolation (visited)

Altars:
Ashenzari
Cheibriados
Dithmenos
Elyvilon
Fedhas
Gozag
Hepliaklqana
Kikubaaqudgha
Makhleb
Nemelex Xobeh
Okawaru
Qazlal
Ru
Sif Muna
Trog
Uskayaw
Vehumet
Wu Jian
Xom
Yredelemnul
Zin
The Shining One
Jiyva

Shops:
D:10 ?   D:11 [   D:14 (   Orc:2 [([=*   Elf:1 =::   Snake:1 *   Snake:3 !=
Snake:4 !   Vaults:2 :   Vaults:5 !!

Portals:
Hell: Depths:1 Depths:2 Depths:4
Abyss: Lair:2 Depths:1 Depths:2
Pandemonium: Depths:2
Ziggurat: Depths:3

Annotations:
D:7 3 runed translucent doors, Protee's ghost, novice VSEn
Lair:2 2 transporters, yokelz's ghost, journeyman TrWn


Innate Abilities, Weirdness & Mutations

You are an insubstantial wisp.
Your tiny insubstantial body is highly resistant to most damage types.
You are flying.
Your equipment is entirely melded.
You are incapable of wielding weapons or throwing items.
You cannot cast spells.
You are immune to sickness and miasma.
((Your stone body is resilient. (AC +19)))
You are immune to poison.
((Your large and strong wings let you fly.))
You resist negative energy. (rN+)
((You are resistant to electric shocks. (rElec)))
You are resistant to unholy torment.
You are immune to petrification.


Message History

The angel attacks as you move away!
The angel hits you with a +3 whip of holy wrath.
The angel hits you but does no damage.
The Killer Klown blinks!
The angel completely misses you.
The angel hits you with a +3 whip of holy wrath.
The angel attacks as you move away!
The angel hits you but does no damage. x2
The angel barely misses you.
The angel hits you with a +3 whip of holy wrath.
The Killer Klown blinks!
The Killer Klown attacks as you move away!
The Killer Klown strangle-hugs you with a +10 club.
The angel hits you with a +3 whip of holy wrath!
The angel completely misses you. The angel attacks as you move away!
The angel completely misses you. The angel hits you but does no damage.
The angel attacks as you move away! The angel completely misses you. x2
The Killer Klown pies you viciously! The klown pie hits you!!
Raspberry!
You feel weakened.
You feel dopey.
You feel clumsy.
* * * LOW HITPOINT WARNING * * *
There is a fountain of clear blue water here.
The angel speaks about the fall of Lugonu.
The Killer Klown pies you viciously! The klown pie misses you.
The angel misses you. The angel hits you but does no damage.
The Killer Klown blinks!
The angel completely misses you. The angel misses you.
As you read the scroll of teleportation, it crumbles to dust.
You feel strangely unstable.
The angel hits you with a +3 whip of holy wrath!
* * * LOW HITPOINT WARNING * * *
The angel completely misses you. The angel barely misses you.
The angel completely misses you. The Killer Klown pies you viciously!
The klown pie hits you!
Blueberry!
An unnatural silence engulfs you.
* * * LOW HITPOINT WARNING * * *
The angel barely misses you. The angel completely misses you.
The angel hits you with a +1 sacred scourge of holy wrath.
* * * LOW HITPOINT WARNING * * *
The angel hits you with a +1 sacred scourge of holy wrath.
You die...

.....#≈≈≈≈≈≈≈≈≈.#..........######
.....##≈≈≈≈≈≈≈..#..........#.....
.....#####.#....#..........#'####
[.^..# #......#.............#
.....#######....#.............###
.....'..........'.............'..
.....#######....#.............###
.....#.......#.....#.......#.##
........#.......vp....#......####
#.####...#...##AA.##...#.....#...
#.# #...#..#...⌠......#..##.#.##
#.# #.##.##.#§......##.##.#...#
#.# ##..#..#.......#..#...#.†.#
#.# #...#..#..######..#...#...#
..#####...###.##....###.#.##.#.##
#..........#..#........#.###.#..#
...........#..#'#####....###.#..#


You could see a Killer Klown and 2 angels.

Vanquished Creatures
  Mara (Vaults:5)
  A Killer Klown (Zot:1)
  Margery (Vaults:3)
  Vashnia (Snake:4)
  Bai Suzhen (Shoals:3)
  A caustic shrike (Depths:2)
  4 golden dragons
  Nikola (Shoals:3)
  A bone dragon (Depths:4)
  2 tentacled monstrosities (Vaults:5)
  Mlioglotl (Snake:2)
  Zenata (Elf:1)
  A lich (Depths:4)
  4 sphinxes
  5 titans
  A tentacled starspawn (Vaults:2)
  Frances (Snake:1)
  2 krakens
  2 storm dragons (Vaults:5)
  Kirke (Snake:1)
  10 shadow dragons
  7 tengu reavers
  3 nagarajas (Snake:4)
  Ilsuiw (Shoals:2)
  Donald (Elf:1)
  The ghost of Turgor the Severer, an adept DsGl of Yredelemnul (Snake:2)
  6 frost giants
  7 fire giants
  3 deep elf sorcerers
  20 vault wardens
  3 orc warlords
  Louise (Depths:1)
  A balrug (Depths:2)
  3 imperial myrmidons (Desolation)
  Aizul (Snake:2)
  3 spectral caustic shrikes (Depths:4)
  A draconian stormcaller (Depths:4)
  22 ironbound preservers
  13 stone giants
  A juggernaut skeleton (Depths:3)
  7 ironbound thunderhulks
  14 very ugly things
  A war gargoyle (Vaults:4)
  A deep elf demonologist (Vaults:5)
  2 black draconians (Depths:4)
  3 green draconians (Depths:4)
  Azrael (Snake:2)
  7 spark wasps
  A red draconian (Depths:4)
  2 entropy weavers
  23 dire elephants
  3 halazid warlocks (Desolation)
  A deep elf annihilator (Vaults:5)
  3 white draconians (Depths:4)
  A purple draconian (Depths:4)
  11 ettins
  5 deep elf death magi
  2 crystal guardians
  An ettin (shapeshifter) (Vaults:4)
  4 merfolk javelineers
  7 fire dragons
  6 deep elf high priests (Vaults:5)
  15 yaktaur captains
  12 ragged hierophants (Desolation)
  3 spriggan zombies
  5 jiangshi
  10 merfolk impalers
  Josephine (Orc:1)
  4 great orbs of eyes
  5 servants of whispers (Desolation)
  11 hydras
  11 ironbound frosthearts
  30 vault guards
  4 boulder beetles
  2 rakshasas (Depths:2)
  14 ice dragons
  11 peacekeepers
  5 salamander tyrants
  An ogre mage (Vaults:5)
  3 spriggan air magi
  A catoblepas (D:15)
  7 merfolk avatars
  8 two-headed ogres
  15 naga warriors
  A two-headed ogre (shapeshifter) (Vaults:5)
  3 satyrs
  6 anacondas
  6 death yaks
  2 alligator snapping turtles (Shoals:4)
  12 centaur warriors
  18 dancing weapons
  4 merfolk aquamancers
  6 deep troll earth magi
  7 tengu warriors
  2 vampire magi
  4 shock serpents
  Urug (Lair:1)
  8 deep troll shamans
  2 orc high priests
  Sonja (Orc:1)
  3 spriggan berserkers
  A skeletal warrior (D:15)
  Nergalle (Lair:1)
  15 naga sharpshooters
  8 hell knights
  15 deep elf knights
  2 wretched stars (Abyss:2)
  6 iron trolls
  70 deep trolls
  A sixfirhy (Abyss:2)
  5 salamander mystics
  7 sea snakes
  A death drake (shapeshifter) (Depths:4)
  4 glowing orange brains
  11 deep elf archers
  21 ironbound convokers
  8 naga ritualists
  2 flayed ghosts
  10 wizards
  8 phantasmal warriors
  7 necromancers
  5 lindwurms
  2 sphinx zombies (Vaults:4)
  9 mana vipers
  32 harpies
  11 fauns
  16 orc knights
  32 deep elf pyromancers
  21 deep elf zephyrmancers
  5 orc sorcerers (Orc:2)
  2 wolf spiders
  16 manticores
  A spectral deep troll (Depths:1)
  A stone giant zombie (D:15)
  42 ugly things
  9 cyclopes
  48 black mambas
  13 salamanders
  A frost giant skeleton (D:15)
  9 guardian serpents
  A sphinx skeleton (Depths:3)
  2 fire giant skeletons
  An elephant (shapeshifter) (D:14)
  14 merfolk sirens
  Joseph (D:10)
  11 water nymphs
  A molten gargoyle (Desolation)
  18 naga magi
  An orange demon (Depths:2)
  2 gargoyles
  13 vault sentinels
  19 cane toads
  11 elephants
  A smoke demon (Depths:2)
  A stone giant skeleton (D:15)
  3 rime drakes
  An efreet (Vaults:2)
  A kobold demonologist (D:11)
  26 yaktaurs
  3 freezing wraiths
  An unseen horror (D:10)
  8 komodo dragons
  2 red devils (Depths:2)
  4 human skeletons
  A yaktaur skeleton (Vaults:4)
  A guardian mummy (D:15)
  A hellwing (Depths:2)
  A merfolk (shapeshifter) (Vaults:5)
  3 meliai (D:15)
  2 ice devils (Depths:2)
  6 wind drakes
  2 polar bears
  A tarantella (shapeshifter) (Vaults:5)
  38 merfolk
  The ghost of Shym the Firebug, an amateur HOFE of Beogh (D:4)
  16 trolls
  A raiju (Vaults:2)
  3 hornets
  67 saltlings (Desolation)
  26 slime creatures
  12 blink frogs
  A spectral black mamba (Snake:2)
  3 small abominations (Abyss:2)
  3 jumping spiders
  5 spectral nagas (Snake:2)
  A stone giant simulacrum (Vaults:3)
  18 snapping turtles
  A shock serpent simulacrum (Snake:2)
  A shadow (D:10)
  A spriggan skeleton (Depths:1)
  2 vampires
  4 air elementals (Elf:2)
  A deep troll skeleton (Vaults:3)
  A hog (Snake:1)
  9 water elementals
  A yak (shapeshifter) (Vaults:5)
  17 wyverns
  5 humans (Snake:1)
  A salamander simulacrum (Snake:2)
  7 basilisks
  30 yaks
  2 ynoxinuls
  A basilisk (shapeshifter) (D:14)
  3 fire elementals
  9 wraiths
  3 chaos spawn
  22 vampire mosquitoes
  Grum (D:8)
  A neqoxec (Abyss:2)
  5 steam dragons
  7 redbacks
  Menkaure (D:7)
  8 wargs
  21 water moccasins
  2 large abominations (Abyss:2)
  36 nagas
  Duvessa (D:5)
  3 acid dragons
  A demonic crawler simulacrum (IceCv)
  6 hell hounds (Snake:2)
  2 floating eyes
  A guardian serpent simulacrum (Snake:2)
  2 ice beasts
  A sky beast (shapeshifter) (Vaults:5)
  55 orc warriors
  2 sky beasts (D:7)
  4 black bears
  9 ogres
  8 boggarts
  17 wolves
  28 centaurs
  3 kobold brigands
  9 bullfrogs
  7 earth elementals
  2 necrophages
  2 naga simulacra (Snake:2)
  2 gnoll sergeants
  A scorpion (D:5)
  5 wights
  Dowan (D:5)
  2 killer bees (D:10)
  An electric eel (Lair:1)
  3 howler monkeys
  A bullfrog zombie (D:5)
  2 centaur zombies (Ossuary)
  7 hounds
  A jelly (D:7)
  2 gnoll boudas
  2 human zombies
  24 orc priests
  4 iguanas
  3 scorpion zombies (D:5)
  22 orc wizards
  A hound zombie (D:5)
  7 mummies
  2 howler monkey zombies (D:5)
  49 gnolls
  5 adders
  3 shadow imps
  3 ufetubi
  An iguana skeleton (Ossuary)
  A worm (D:2)
  6 dart slugs
  148 orcs
  11 endoplasms
  A giant cockroach (D:1)
  A gnoll zombie (Ossuary)
  14 goblins
  10 hobgoblins
  4 jackals (D:1)
  2 quokkas (D:1)
  7 ball pythons
  7 bats
  7 frilled lizards
  2 hobgoblin zombies (Ossuary)
  15 kobolds
  3 kobold zombies (Ossuary)
  5 rats
  5 tentacles
2117 creatures vanquished.

Vanquished Creatures (others)
  2 vault guards (Vaults:5)
  An ogre mage (Vaults:5)
  A deep elf knight (Elf:2)
  A deep elf zephyrmancer (Vaults:5)
  A deep elf pyromancer (Elf:2)
  A freezing wraith (Vaults:5)
  A saltling (Desolation)
  A water elemental (Shoals:4)
  An ogre (Vaults:5)
  An orc wizard (Elf:2)
  2 orcs
  A bush (Lair:3)
  30 fungi
  A pillar of salt (Elf:2)
  148 plants
  2 starspawn tentacles (Vaults:2)
  15 tentacles
  4 withered plants (D:15)
214 creatures vanquished.

Grand Total: 2331 creatures vanquished

Notes
Turn   | Place    | Note
-------+----------+-------------------------------------------
     0 | D:1      | HoaS the Gargoyle Hunter began the quest for the Orb.
     0 | D:1      | Reached XP level 1. HP: 12/12 MP: 1/1
   159 | D:1      | Reached XP level 2. HP: 9/17 MP: 2/2
   514 | D:1      | Reached XP level 3. HP: 21/21 MP: 3/3
   589 | D:1      | Reached skill level 5 in Ranged Weapons
  1071 | D:2      | Found a faded altar of an unknown god.
  1405 | D:2      | Reached XP level 4. HP: 26/26 MP: 4/4
  1932 | D:3      | Reached XP level 5. HP: 27/30 MP: 5/5
  2065 | D:3      | Noticed a water moccasin
  2079 | D:3      | Killed a water moccasin
  2080 | D:3      | Reached XP level 6. HP: 18/35 MP: 6/6
  2931 | D:4      | Found a sand-covered staircase.
  2938 | Ossuary  | Entered an ossuary
  3357 | D:4      | Identified a scroll of acquirement
  3357 | D:4      | Acquired a manual of Ranged Weapons
  3418 | D:4      | Reached XP level 7. HP: 35/40 MP: 7/7
  4248 | D:4      | Found a runed translucent gate.
  4248 | D:4      | Found a runed translucent gate.
  4248 | D:4      | Found a runed translucent gate.
  4256 | D:4      | Noticed Shym's ghost (amateur HOFE)
  4724 | D:5      | Entered Level 5 of the Dungeon
  4957 | D:5      | Reached skill level 10 in Ranged Weapons
  5324 | D:5      | Found a basalt altar of Yredelemnul.
  5329 | D:5      | Reached XP level 8. HP: 44/44 MP: 8/8
  5568 | D:5      | Found a staircase to the Ecumenical Temple.
  5578 | Temple   | Entered the Ecumenical Temple
  5662 | Temple   | Became a worshipper of Warmaster Okawaru
  5702 | D:5      | Reached skill level 1 in Invocations
  5949 | D:5      | Noticed Dowan
  5955 | D:5      | Killed Dowan
  6428 | D:6      | Found a bloodstained altar of Trog.
  6441 | D:6      | Reached * piety under Okawaru
  6598 | D:6      | Reached XP level 9. HP: 48/48 MP: 11/11
  6621 | D:6      | Identified the +6 dagger "Undertaker" {vorpal, rPois}
  7002 | D:5      | Noticed Duvessa
  7013 | D:5      | Killed Duvessa
  7187 | D:7      | Noticed a hornet
  7197 | D:7      | Killed a hornet
  7198 | D:7      | Reached skill level 15 in Ranged Weapons
  7335 | D:7      | Found a stormy altar of Qazlal.
  7338 | D:7      | Found a shimmering altar of Xom.
  7344 | D:7      | Found an opulent altar of Gozag.
  7349 | D:7      | Found a glowing silver altar of Zin.
  7404 | D:7      | Found a white marble altar of Elyvilon.
  7489 | D:7      | Found a runed translucent gate.
  7489 | D:7      | Found a runed translucent gate.
  7489 | D:7      | Found a runed translucent gate.
  7492 | D:7      | Found an opulent altar of Gozag.
  7622 | D:7      | Noticed a skeletal warrior
  7624 | D:7      | Noticed Protee's ghost (novice VSEn)
  7689 | D:7      | Reached ** piety under Okawaru
  7725 | D:7      | Noticed a komodo dragon
  7738 | D:7      | Killed a komodo dragon
  7739 | D:7      | Reached XP level 10. HP: 52/56 MP: 12/12
  7813 | D:7      | Noticed a gargoyle
  7822 | D:7      | Killed a gargoyle
  7823 | D:7      | Reached skill level 5 in Fighting
  8176 | D:7      | Noticed Menkaure
  8179 | D:7      | Killed Menkaure
  8642 | D:8      | Found a broken altar of Ashenzari.
  8679 | D:8      | Noticed Grum
  8698 | D:8      | Reached *** piety under Okawaru
  8704 | D:8      | Killed Grum
  9034 | D:9      | Reached skill level 5 in Invocations
  9040 | D:9      | Found a flagged portal.
  9066 | Bailey   | Entered a bailey
  9271 | Bailey   | Reached skill level 5 in Dodging
  9299 | Bailey   | Reached **** piety under Okawaru
  9594 | Bailey   | Reached XP level 11. HP: 63/67 MP: 15/15
  9806 | Bailey   | Reached ***** piety under Okawaru
 10196 | Bailey   | Noticed an orc knight
 10214 | Bailey   | Killed an orc knight
 10901 | D:9      | Found a staircase to the Lair.
 11110 | D:9      | Acquired 920 gold pieces
 11149 | D:10     | Entered Level 10 of the Dungeon
 11187 | D:10     | Found Sackallo's Magic Scroll Emporium.
 11195 | D:10     | Bought a scroll of teleportation for 45 gold pieces
 11195 | D:10     | Bought a scroll of teleportation for 45 gold pieces
 11376 | D:10     | Received a gift from Okawaru
 11430 | D:10     | Noticed a boulder beetle
 11447 | D:10     | Killed a boulder beetle
 11600 | D:10     | Noticed a two-headed ogre
 11618 | D:10     | Killed a two-headed ogre
 11619 | D:10     | Reached XP level 12. HP: 75/75 MP: 16/16
 11694 | D:10     | Received a gift from Okawaru
 11764 | Lair:1   | Entered Level 1 of the Lair of Beasts
 11909 | Lair:1   | Noticed Urug
 11922 | Lair:1   | Killed Urug
 12029 | Lair:1   | Noticed Nergalle
 12041 | Lair:1   | Killed Nergalle
 12126 | Lair:1   | Reached ****** piety under Okawaru
 12224 | Lair:1   | Received a gift from Okawaru
 12653 | Lair:1   | Identified the +0 hat of Wisdom {Harm Str+9 Int-3 SInv}
                  | (Okawaru gifted it to you on level 1 of the Lair of Beasts)
 12653 | Lair:1   | Received a gift from Okawaru
 12903 | Lair:1   | Reached XP level 13. HP: 50/79 MP: 15/17
 12934 | Lair:2   | You fall into a shaft and drop 1 floor!
 13106 | Lair:2   | Found a one-way gate to the infinite horrors of the Abyss.
 13106 | Lair:2   | Noticed yokelz's ghost (journeyman TrWn)
 13108 | Lair:2   | Noticed a rakshasa
 13145 | Lair:2   | Found a transporter.
 13154 | Lair:2   | Found a transporter.
 13576 | Lair:2   | Found a staircase to the Shoals.
 13772 | D:4      | Killed Shym's ghost
 13917 | D:10     | Noticed Joseph
 13928 | D:10     | Killed Joseph
 14894 | Lair:3   | Identified the +0 pair of gloves "Enwakh" {rElec Dex+3}
                  | (Okawaru gifted it to you on level 3 of the Lair of Beasts)
 14894 | Lair:3   | Received a gift from Okawaru
 15630 | Lair:3   | Found a staircase to the Snake Pit.
 15837 | Lair:3   | Identified the +6 dagger of Radicalism {venom, *Corrode Fly
                  | rN+ Int+3}
 16496 | Lair:4   | Gained mutation: Your large and strong wings let you fly.
                  | [Gargoyle growth]
 16496 | Lair:4   | Reached XP level 14. HP: 84/84 MP: 18/18
 16500 | Lair:4   | Upgraded the game from 0.29-a0-876-gfc89b1a5bd to
                  | 0.29-a0-885-gb26ba3297d
 16610 | Lair:4   | Found a viscous altar of Jiyva.
 16617 | Lair:4   | Found a staircase to the Slime Pits.
 17045 | Lair:5   | Entered Level 5 of the Lair of Beasts
 17647 | Lair:5   | Identified the -1 pair of boots of Past Mistakes {-Cast rN+
                  | Str+5 Dex+3}
 17673 | Lair:5   | Identified the +7 longbow of Xuovueskol {flame, rPois rF++
                  | Str+5 Int-5} (Okawaru gifted it to you on level 5 of the
                  | Lair of Beasts)
 17673 | Lair:5   | Received a gift from Okawaru
 18126 | Lair:5   | Reached skill level 10 in Fighting
 18238 | Lair:5   | Received a gift from Okawaru
 18838 | D:11     | Found a frozen archway.
 18852 | IceCv    | Entered an ice cave
 19213 | D:11     | Found a staircase to the Orcish Mines.
 19523 | D:11     | Found Miadutau's Armour Emporium.
 20168 | D:12     | Received a gift from Okawaru
 20473 | D:12     | Reached XP level 15. HP: 93/93 MP: 22/22
 20699 | Orc:1    | Entered Level 1 of the Orcish Mines
 20842 | Orc:2    | Entered Level 2 of the Orcish Mines
 20957 | Orc:2    | Noticed an orc warlord
 20973 | Orc:2    | Killed an orc warlord
 21022 | Orc:2    | Found Heebisu's Antique Armour Boutique.
 21272 | Orc:2    | Identified the +2 hat of Zoaff {rF+ Int+2} (Okawaru gifted
                  | it to you on level 2 of the Orcish Mines)
 21272 | Orc:2    | Received a gift from Okawaru
 21316 | Orc:2    | Found Xiuhufeo's Antique Weapon Shop.
 21326 | Orc:2    | Found Befoalu's Armour Emporium.
 21395 | Orc:2    | Found a staircase to the Elven Halls.
 21533 | Orc:2    | Found Fiwoh's Jewellery Emporium.
 21584 | Orc:2    | Found Moiruhar's General Store.
 21613 | Orc:2    | Bought a potion of haste for 140 gold pieces
 21628 | Orc:2    | Reached skill level 10 in Dodging
 21839 | Orc:2    | Bought an amulet of the acrobat for 420 gold pieces
 21916 | Orc:1    | Noticed Josephine
 21921 | Orc:1    | Killed Josephine
 21922 | Orc:1    | Noticed Sonja
 21925 | Orc:1    | Killed Sonja
 23004 | D:14     | Found a gate to the Vaults.
 23227 | D:14     | Identified the -1 pair of boots "Qomogoul" {rPois Str+2}
                  | (Okawaru gifted it to you on level 14 of the Dungeon)
 23227 | D:14     | Received a gift from Okawaru
 23266 | D:14     | Reached XP level 16. HP: 82/103 MP: 23/23
 23386 | D:14     | Found Hiedghude's Antique Weapon Shoppe.
 23945 | D:15     | Entered Level 15 of the Dungeon
 24455 | D:15     | HP: 3/104 [meliai/divine providence (10)]
 24962 | D:15     | Acquired 545 gold pieces
 25199 | D:15     | Found a staircase to the Depths.
 26005 | Snake:1  | Entered Level 1 of the Snake Pit
 26715 | Snake:1  | Noticed Kirke
 26722 | Snake:1  | Killed Kirke
 27135 | Snake:1  | Found Nafoczeg's Overcharged Wands.
 27150 | Snake:1  | Received a gift from Okawaru
 27299 | Snake:1  | Noticed Frances
 27317 | Snake:1  | Killed Frances
 27634 | Snake:2  | Noticed Azrael
 27682 | Snake:2  | Noticed Aizul
 27912 | Snake:2  | Noticed Mlioglotl
 27929 | Snake:2  | Killed Mlioglotl
 27961 | Snake:2  | Killed Azrael
 28084 | Snake:2  | Killed Aizul
 28245 | Snake:2  | Reached XP level 17. HP: 112/112 MP: 24/24
 28292 | Snake:2  | Found a runed translucent gate.
 28292 | Snake:2  | Found a runed translucent gate.
 28297 | Snake:2  | Found a runed translucent gate.
 28299 | Snake:2  | Noticed Turgor's ghost (adept DsGl)
 28468 | Snake:2  | Identified the +4 triple crossbow of Defiance {vorpal,
                  | Dex+4} (Okawaru gifted it to you on level 2 of the Snake
                  | Pit)
 28468 | Snake:2  | Received a gift from Okawaru
 29058 | Snake:3  | Reached skill level 15 in Fighting
 29347 | Snake:3  | Found Ticvez's Distillery.
 29355 | Snake:3  | Bought 2 potions of heal wounds for 150 gold pieces
 29355 | Snake:3  | Bought a potion of heal wounds for 75 gold pieces
 29355 | Snake:3  | Bought a potion of invisibility for 120 gold pieces
 29989 | Snake:3  | Found Dariptull's One-of-a-Kind Rings.
 30006 | Snake:3  | Bought a +9 ring of dexterity for 1326 gold pieces
 30286 | Snake:4  | Entered Level 4 of the Snake Pit
 30356 | Snake:4  | Identified the +1 helmet of Eternity {Harm rF+ Int-3}
                  | (Okawaru gifted it to you on level 4 of the Snake Pit)
 30356 | Snake:4  | Received a gift from Okawaru
 30362 | Snake:4  | Reached skill level 15 in Dodging
 30377 | Snake:4  | Noticed Vashnia
 30419 | Snake:4  | Killed Vashnia
 31013 | Snake:4  | Found Elajoall's Distillery.
 31022 | Snake:4  | Bought a potion of heal wounds for 100 gold pieces
 31313 | Snake:4  | Identified the +9 mace of the Doomed Warrior {vorpal, rN+
                  | Str+4 Dex-4}
 31379 | Snake:4  | Reached XP level 18. HP: 95/120 MP: 22/25
 31444 | Snake:4  | Received a gift from Okawaru
 31718 | Snake:4  | Reached XP level 19. HP: 127/127 MP: 26/26
 31835 | Snake:2  | Killed Turgor's ghost
 31930 | Snake:2  | Identified the +0 cloak of a Million Xenops {rElec rF+
                  | Int+5 Dex+2}
 32061 | Snake:4  | Got a serpentine rune of Zot
 32266 | Shoals:1 | Entered Level 1 of the Shoals
 32551 | Snake:3  | Upgraded the game from 0.29-a0-885-gb26ba3297d to
                  | 0.29-a0-887-gcbe080d7e0
 32551 | Snake:3  | Bought a +7 ring of protection for 1759 gold pieces
 32810 | Shoals:1 | Identified the +0 hat of Binung {Rampage rC++ SInv}
                  | (Okawaru gifted it to you on level 1 of the Shoals)
 32810 | Shoals:1 | Received a gift from Okawaru
 32858 | Shoals:1 | Found a radiant altar of Vehumet.
 34288 | Shoals:2 | Noticed Ilsuiw
 34323 | Shoals:2 | Killed Ilsuiw
 34812 | Shoals:3 | Found a radiant altar of Vehumet.
 34819 | Shoals:3 | Noticed Nikola
 34829 | Shoals:3 | Killed Nikola
 35179 | Shoals:3 | Noticed Bai Suzhen
 35192 | Shoals:3 | Killed Bai Suzhen
 35483 | Shoals:4 | Entered Level 4 of the Shoals
 35535 | Shoals:4 | Received a gift from Okawaru
 35536 | Shoals:4 | Reached XP level 20. HP: 113/136 MP: 27/27
 35884 | Shoals:4 | Identified the amulet "Oroatsu" {Regen+ Int+3 Stlth-}
 36434 | Shoals:4 | Got a barnacled rune of Zot
 36870 | Vaults:1 | Entered Level 1 of the Vaults
 37335 | Vaults:1 | Received a gift from Okawaru
 37795 | Vaults:1 | Identified the +5 mace of Premature Burial {vorpal, rF+
                  | rCorr}
 38473 | Orc:2    | Bought a +4 chain mail of cold resistance for 472 gold
                  | pieces
 38670 | Abyss:2  | Cast into level 2 of the Abyss (a wizard)
 38961 | Vaults:2 | Escaped the Abyss
 39013 | Vaults:2 | Received a gift from Okawaru
 39013 | Vaults:2 | Found the +3 Mad Mage's Maulers {Infuse+∞ RegenMP Int-3}
 39185 | Vaults:2 | Paralysed by a sphinx for 5 turns
 39361 | Vaults:2 | Reached XP level 21. HP: 144/144 MP: 28/28
 39686 | Vaults:2 | Identified the +6 shortbow "Duenet" {speed, Fly rF+ rC+}
 40060 | Vaults:2 | Identified the +1 pair of gloves of Somewhere Else {Will+
                  | Int+7} (Okawaru gifted it to you on level 2 of the Vaults)
 40060 | Vaults:2 | Received a gift from Okawaru
 40337 | Vaults:2 | Found Neynt's Book Shop.
 40624 | Vaults:3 | Found a staircase to the Crypt.
 40624 | Vaults:3 | Found an ancient bone altar of Kikubaaqudgha.
 40624 | Vaults:3 | Found a basalt altar of Yredelemnul.
 40740 | Vaults:3 | Noticed Margery
 40756 | Vaults:3 | Killed Margery
 40788 | Vaults:3 | You are sucked into a shaft and drop 1 floor!
 40915 | Vaults:4 | Found a flickering gateway to a bazaar.
 40924 | Bazaar   | Entered a bazaar
 40924 | Bazaar   | Found Semur's Jewellery Boutique.
 40924 | Bazaar   | Found Josohi's Jewellery Shoppe.
 40924 | Bazaar   | Found Teolitir's Jewellery Shop.
 40924 | Bazaar   | Found Yqewneryci's Distillery.
 40926 | Bazaar   | Found Ymeebb's Weapon Shop.
 40926 | Bazaar   | Found Lepec's Antique Armour Emporium.
 40964 | Bazaar   | Bought a potion of heal wounds for 70 gold pieces
 40964 | Bazaar   | Bought a potion of haste for 140 gold pieces
 40964 | Bazaar   | Bought a potion of haste for 140 gold pieces
 40964 | Bazaar   | Bought a potion of curing for 42 gold pieces
 41246 | Vaults:3 | Received a gift from Okawaru
 41382 | Vaults:3 | Reached XP level 22. HP: 123/153 MP: 29/29
 41873 | Vaults:3 | Received a gift from Okawaru
 42398 | Vaults:4 | Identified the +1 ring mail of Nibiol {+Inv rPois Will-
                  | MP+9}
 42419 | Vaults:4 | Paralysed by a great orb of eyes for 3 turns
 43426 | Elf:1    | Entered Level 1 of the Elven Halls
 43565 | Elf:1    | Noticed Donald
 43575 | Elf:1    | Killed Donald
 43714 | Elf:1    | Got the Vademecum on United Conjury
 43838 | Elf:1    | Received a gift from Okawaru
 43859 | Elf:1    | Found a portal to a secret trove of treasure.
 43867 | Elf:1    | You paid a toll of 15 potions of curing to enter a treasure
                  | trove
 43868 | Trove    | Entered a treasure trove
 43870 | Trove    | Found the +0 mask of the Dragon {Will+ Slay+3 SInv}
 43872 | Trove    | Identified the +0 ring mail of Kleptomania {rElec rC+}
 43874 | Trove    | Identified the +2 helmet of the Gloaming {rN+ Will+}
 43875 | Trove    | Identified the +1 cloak of Ahiut {Dex+2}
 43887 | Trove    | Identified the +1 pair of gloves of the Orcish Mines {rElec
                  | rCorr}
 43891 | Trove    | Found the +18 Lear's hauberk
 43891 | Trove    | Found the +2 cloak of the Thief {*Fog Slay-2 SInv Stlth+}
 43895 | Trove    | Identified the +0 leather armour of Beauty {MP-9 Int+6
                  | Dex+9}
 43897 | Trove    | Identified the +2 pair of gloves of Compression {rElec}
 43902 | Trove    | Identified the +0 buckler of Makhleb's Delight {rC+ Regen+
                  | rCorr}
 43906 | Trove    | Identified the +0 cloak "Aczefilo" {Harm Fly Str+3 Dex+4}
 44163 | Elf:1    | Found Niech's Jewellery Emporium.
 44163 | Elf:1    | Found Ephyjui's Book Boutique.
 44172 | Elf:1    | Found Cintiv's Book Boutique.
 44227 | Elf:1    | Noticed Zenata
 44237 | Elf:1    | Killed Zenata
 44611 | Elf:1    | Acquired 455 gold pieces
 44745 | Elf:2    | Reached XP level 23. HP: 161/162 MP: 21/30
 44848 | Elf:2    | Found a crumbling gateway.
 44859 | Desolati | Entered the Desolation of Salt
 45160 | Desolati | Identified the +6 scale mail "Kymuul" {Str+8}
 45229 | Desolati | Reached skill level 10 in Armour
 45382 | Desolati | Found the ring of Shadows {Umbra +Inv Stlth+}
 45405 | Desolati | Identified the ring "Womea" {Fly Str-3 Dex+6}
 45483 | Desolati | Identified the +7 triple crossbow of Etyneige {vorpal,
                  | Int+4} (Okawaru gifted it to you in the Desolation of Salt)
 45483 | Desolati | Received a gift from Okawaru
 45585 | Desolati | Found the +0 pair of fencer's gloves {Riposte Dex+3}
 45595 | Desolati | Got the Papyrus of the Snowflakes and Envenoming
 45601 | Desolati | Identified the ring "Ityusy" {MP+9 Str+6 Int+4}
 45603 | Desolati | Identified the +8 dagger of the Warrior {spect, Stlth+}
 45606 | Desolati | Identified the +2 robe of Card Tricks {rElec MP+9 Str+3}
 45789 | Elf:2    | Paralysed by an air elemental for 1 turns
 45793 | Elf:2    | Paralysed by an air elemental for 1 turns
 45909 | Elf:2    | Found a runed translucent gate.
 45912 | Elf:2    | Found a runed translucent gate.
 45912 | Elf:2    | Found a runed translucent gate.
 46673 | Vaults:5 | Entered Level 5 of the Vaults
 46678 | Vaults:5 | Identified the +0 buckler of Death Resistance {rPois rC+}
                  | (Okawaru gifted it to you on level 5 of the Vaults)
 46678 | Vaults:5 | Received a gift from Okawaru
 46898 | Vaults:5 | Reached XP level 24. HP: 144/170 MP: 16/30
 47094 | Vaults:5 | Paralysed by a sphinx for 5 turns
 47170 | Vaults:5 | Identified the +6 quarterstaff "Gokhlun" {freeze, Str-3
                  | Dex+6 SInv Stlth-}
 47220 | Vaults:5 | Identified the +2 helmet "Bify" {Will+ Dex+5} (Okawaru
                  | gifted it to you on level 5 of the Vaults)
 47220 | Vaults:5 | Received a gift from Okawaru
 47262 | Vaults:5 | Identified the +1 chain mail of Ixzoutt {rElec}
 47350 | Vaults:5 | Noticed Mara
 47363 | Vaults:5 | Killed Mara
 47534 | Vaults:5 | Found Ular's Distillery.
 47534 | Vaults:5 | Found Tuadaq's Distillery.
 47688 | Vaults:5 | Got the Treatise on Charred Weather
 47854 | Vaults:5 | Got the Grimoire of Dust
 47857 | Vaults:5 | Got the Handbook of Virous Excavation
 47975 | Vaults:5 | Got a silver rune of Zot
 47991 | Vaults:5 | Identified the ring "Oreliray" {Will- Int+6 Dex+6}
 48421 | Depths:1 | Entered Level 1 of the Depths
 48572 | Depths:1 | Identified the +11 short sword "Sihewot" {holy, MP+9}
 48604 | Depths:1 | Found a gateway to Hell.
 48617 | Depths:1 | Noticed Louise
 48625 | Depths:1 | Killed Louise
 48806 | Depths:1 | Identified the +3 spear of the Extremes {antimagic, rN+
                  | rCorr Dex-4 SInv}
 48892 | Depths:1 | Found a hazy altar of Hepliaklqana.
 48974 | Depths:1 | Identified the +1 ice dragon scales of Ymomauh {rF- rC++
                  | Int+4} (Okawaru gifted it to you on level 1 of the Depths)
 48974 | Depths:1 | Received a gift from Okawaru
 49178 | Depths:2 | Found an opulent altar of Gozag.
 49267 | Depths:2 | Reached skill level 15 in Armour
 49307 | Depths:2 | Reached XP level 25. HP: 176/176 MP: 21/30
 49587 | Depths:2 | Identified the +7 great sword "Pehekh" {vorpal, +Blink
                  | Int+2}
 49837 | Depths:2 | Found a one-way gate leading to the halls of Pandemonium.
 50369 | Depths:3 | Found a hide-covered altar of Uskayaw.
 50419 | Depths:3 | Found a one-way gateway to a ziggurat.
 50526 | Depths:4 | Entered Level 4 of the Depths
 50532 | Depths:4 | Received a gift from Okawaru
 50745 | Depths:4 | Found a sacrificial altar of Ru.
 50977 | Depths:4 | Found a gate to the Realm of Zot.
 51609 | Zot:1    | Entered Level 1 of the Realm of Zot
 51619 | Zot:1    | Noticed a Killer Klown
 51627 | Zot:1    | Noticed a Killer Klown
 51628 | Zot:1    | Killed a Killer Klown
 51628 | Zot:1    | Noticed a Killer Klown
 51631 | Zot:1    | Noticed a Killer Klown
 51653 | Depths:4 | HP: 7/178 [Killer Klown/klown pie (9)]
 51653 | Depths:4 | Slain by an angel

Illustrated notes

Levels and vault maps discovered:
D:1:      tarquinn_simple_flora_water_e, layout_basic, minmay_misc_feat_cross,
          dreamdust_wishing_well
D:2:      layout_basic, shapermc_ecumenical_altar_notcrosses, serial_glass,
          glass_columns_a, glass_columns_a, glass_columns_c, glass_columns_a,
          glass_columns_a, glass_columns_a, glass_columns_b, glass_columns_c,
          glass_columns_a, glass_columns_c, minmay_octomino_c4
D:3:      layout_basic, serial_rivers, chequers_serial_rivers_room_b,
          chequers_serial_rivers_small_b, chequers_serial_rivers_micro_b,
          chequers_serial_rivers_room_a, amcnicky_mini_rare_corridor_liquid,
          dreamdust_princess_corridor
D:4:      layout_layer_cave, ebering_ghost_rock_garden,
          chequers_ossuary_entry_cave, nrook_mini_backslash,
          minmay_goblin_outpost
D:5:      layout_cave_pods, lemuel_mausoleum_altar_yredelemnul,
          minmay_temple_entry_offerings, nicolae_kite_square_tiling_tiny,
          minmay_misc_feat_roman, cheibrodos_gnoll_hut, uniq_duvessa
D:6:      layout_layer_cave, mainiacjoe_overflow_alcove_2,
          nicolae_zen_rock_garden
D:7:      nzn_winding_woodlands_medium [nzn_winding_woodlands_5x5_default,
          nzn_winding_woodlands_5x15_twine, nzn_winding_woodlands_5x5_three,
          nzn_winding_woodlands_hourglass,
          nzn_winding_woodlands_center_triple_pond,
          nzn_winding_woodlands_5x5_cross, nzn_winding_woodlands_5x5_default,
          nzn_winding_woodlands_5x15_longhouse,
          nzn_winding_woodlands_5x5_checkerboard], layout_basic,
          elyvilon_altar_3, grunt_temple_overflow_cloverleaf,
          ebering_ghost_gozag, nrook_mini_vaults, uniq_menkaure
D:8:      layout_basic, mainiacjoe_overflow_concentric_impassable, nrook_uturn,
          uniq_grum
D:9:      layout_long_grid, erik_lair_orcish_takeover, enter_bailey_2
D:10:     layout_irregular_city, serial_shops, shop, minmay_joined_circles,
          uniq_joseph
D:11:     layout_roguey [special_room_orc], david_orc_1_choice, serial_shops,
          kennysheep_mini, portal_ice_cave_entry_pillars_1
D:12:     layout_basic
D:13:     layout_gridville
D:14:     layout_loops_ring, lightli_vaults_fourway_checkpoint, nrook_campfire,
          serial_shops, shop
D:15:     gammafunk_depths_entry_grave, layout_cave_pods, minivault_24,
          beargit_elvish_explorers
Temple:   nicolae_temple_great_sept
Lair:1:   layout_chaotic_city, beast_lair_carwin_10, serial_bayou_shore_a,
          grunt_megastairs_2, infiniplex_staircase_pool_2, lemuel_fruit_fields,
          uniq_urug, uniq_nergalle
Lair:2:   layout_regular_city, minmay_shoals_entry_lonely_mermaid,
          gammafunk_ghost_abyssal_escape
Lair:3:   layout_regular_city, minmay_snake_entry_guardpost_medium,
          beast_lair_carwin_7, infiniplex_staircase_pool
Lair:4:   layout_cave_pods, dpeg_slime_entry_corner
Lair:5:   hangedman_lair_tendril_chambers, layout_hall_layers
Shoals:1: layout_shoals, wheals_shoals_ruined_temple
Shoals:2: layout_shoals, uniq_ilsuiw
Shoals:3: layout_shoals, lemuel_centaur_altar, uniq_bai_suzhen, uniq_nikola
Shoals:4: shoals_end_hangedman, layout_shoals,
          nicolae_shoals_siren_and_animal_friends
Snake:1:  layout_onion, nicolae_shop_overcharged_wands, uniq_kirke, uniq_frances
Snake:2:  layout_misc_corridors, gammafunk_ghost_necromancy, uniq_aizul,
          uniq_mlioglotl, uniq_azrael
Snake:3:  layout_onion, serial_shops, shop, nicolae_shop_unique_rings,
          statue_in_the_mist_lemuel, grunt_ministairs_3, grunt_megastairs_3,
          lemuel_fruit_tree
Snake:4:  snake_pit, layout_rooms, serial_shops, shop, uniq_vashnia
Orc:1:    layout_caves, uniq_josephine, uniq_sonja
Orc:2:    grunt_orc_gardens, layout_diamond_mine, grunt_orc_garden,
          grunt_orc_garden, grunt_orc_garden, grunt_orc_garden, serial_shops,
          shop
Elf:1:    elf_arrival_002, layout_gridlike, nicolae_trove_entry_columns,
          minmay_elf_sorcery, grunt_megastairs_4, minmay_shop_grove,
          uniq_zenata, uniq_donald
Elf:2:    elven_hall_of_blades_hangedman_original
          [nicolae_blade_entry_area_security], layout_geoelf_diagonals,
          portal_desolation_entry_garden
Vaults:1: v_misc_19, v_misc_1, dpeg_vaults_monster_row,
          nicolae_vaults_shelves_hall, hangedman_vaults_stream, v_misc_12,
          nicolae_vaults_network_square, vaults_room_semicircle,
          layout_vaults_omnigrid
Vaults:2: st_lattice, hangedman_vaults_nodes, hangedman_vaults_slither,
          hangedman_vaults_stretched_pinwheel,
          nicolae_vaults_network_quinsquares
          [nicolae_vaults_network_quincunx_subvault,
          nicolae_vaults_network_quincunx_subvault,
          nicolae_vaults_network_quincunx_subvault,
          nicolae_vaults_network_quincunx_subvault],
          nicolae_vaults_border_crossing, vaults_room_pools,
          hangedman_vaults_stretched_pinwheel, grunt_vaults_hallway_short,
          grunt_vaults_hallway_short, v_misc_30,
          nicolae_vaults_ring_of_whatevers, vaults_room_mumra_shop_pool,
          layout_vaults_omnicross
Vaults:3: v_misc_11, nicolae_vaults_network_quincunx
          [nicolae_vaults_network_quincunx_subvault,
          nicolae_vaults_network_quincunx_subvault,
          nicolae_vaults_network_quincunx_subvault,
          nicolae_vaults_network_quincunx_subvault,
          nicolae_vaults_network_quincunx_subvault], st_squares,
          nicolae_vaults_theta, minmay_crypt_entry_necro_gods,
          vaults_standard_mumra_lines, nicolae_vaults_angled_halls,
          vaults_room_octagon, v_pattern_4, v_misc_12,
          nicolae_vaults_little_squares_6, ontoclasm_vaults_ring_large,
          v_misc_4, grunt_vaults_hallway_short, layout_vaults_maze, uniq_margery
Vaults:4: nicolae_vaults_little_squares_4, v_misc_29, vaults_room_door_hall,
          nicolae_vaults_network_s, nicolae_vaults_alarming, vaults_room_fours,
          v_misc_9, layout_vaults_big_room, serial_shops, freezing_bzr
Vaults:5: uniq_mara
Depths:1: layout_forbidden_donut, roderic_serpentine_path, hell_entry,
          nicolae_abyss_entry_one_way_or_another,
          nicolae_hepliaklqana_monster_ancestors
Depths:2: evilmike_horseshoe, layout_basic, abyss_entry_crystal,
          lemuel_doored_altar, hell_entry, grunt_pan_entry_spiral
Depths:3: minmay_slanted_spiral_squares, layout_twisted_cross, enter_ziggurat_c,
          nicolae_uskayaw_en_pointe, grunt_mini_vestibule, abyss_entry,
          nicolae_figureground_sparkle
Depths:4: grunt_twist_and_shout, layout_basic, roderic_cross_of_infinity,
          pf_hell_entry_tar_river, nicolae_ru_awakened_eye
Zot:1:    dreamdust_zin_vs_xom, layout_gridville

Skill      XL: |  1  2  3  4  5  6  7  8  9 10 11 12 13 14 15 16 17 18 19 20 21 22 23 24 25 |
---------------+----------------------------------------------------------------------------+-----
Ranged Weapons | 5 6 7 8 11 14 16 17 19 22 23 | 23.7
Invocations    | 3 5 6 9 |  9.5
Dodging        | 3 5 6 8 11 13 15 16 17 19 20 22 23 24 | 24.4
Fighting       | 4 7 8 10 12 14 16 17 19 20 22 23 24 | 24.0
Armour         | 8 9 12 15 16 | 16.0
Stealth        | |  1.1

Action                   |  1- 3 |  4- 6 |  7- 9 | 10-12 | 13-15 | 16-18 | 19-21 | 22-24 | 25-27 || total
-------------------------+-------+-------+-------+-------+-------+-------+-------+-------+-------++-------
 Fire: Shortbow          |   117 |   221 |   298 |   484 |       |       |       |       |       ||  1120
       Arbalest          |       |       |       |    89 |       |       |       |       |       ||    89
       Longbow           |       |       |       |   342 |  1442 |  1109 |  1979 |  1892 |   539 ||  7303
Invok: Heroism           |       |       |     1 |     5 |     5 |     8 |     3 |     7 |     1 ||    30
       Finesse           |       |       |       |       |     4 |     8 |     3 |     7 |     1 ||    23
  Use: Scroll            |     2 |    10 |    10 |    10 |    15 |     5 |     1 |     4 |     1 ||    58
       Potion            |       |     1 |       |     5 |       |     6 |     4 |     6 |       ||    22
Armor: Leather armour    |    24 |    55 |    55 |    37 |       |       |       |    72 |    40 ||   283
       Troll leather arm |       |       |       |   112 |    19 |       |       |       |       ||   131
       Acid dragon scale |       |       |       |       |   248 |   119 |   178 |    52 |       ||   597
       Scale mail        |       |       |       |       |       |       |       |    10 |       ||    10
       Skin              |       |       |       |       |       |       |       |       |     7 ||     7
Dodge: Dodged            |    41 |    58 |    59 |   294 |   322 |   313 |   870 |  1132 |   368 ||  3457

Table legend: (Time is in decaauts)
 A = Elapsed time spent in this place.
 B = Non-inter-level travel time spent in this place.
 C = Inter-level travel time spent in this place.
 D = Time resting spent in this place.
 E = Time spent auto-exploring this place.
 F = Levels seen in this place.
 G = Mean time per level.
                   A        B        C        D        E       F      G
               +--------+--------+--------+--------+--------+-----+--------+
         Total |  48860 |  43727 |   5133 |   8485 |  25907 |  50 |  977.2 |
       Dungeon |  16608 |  14481 |   2127 |   2821 |   9417 |  15 | 1107.2 |
        Temple |     96 |     84 |     12 |      0 |     60 |   1 |   96.0 |
          Lair |   6401 |   5400 |   1001 |   1010 |   3179 |   5 | 1280.2 |
        Shoals |   3840 |   3662 |    178 |    554 |   2336 |   4 |  960.0 |
     Snake Pit |   5589 |   5034 |    555 |   2395 |   1839 |   4 | 1397.2 |
  Orcish Mines |   1647 |   1364 |    283 |    143 |    894 |   2 |  823.5 |
   Elven Halls |   1953 |   1816 |    137 |    100 |   1218 |   2 |  976.5 |
        Vaults |   6951 |   6284 |    667 |    679 |   3948 |   5 | 1390.2 |
        Depths |   2884 |   2715 |    169 |     80 |   1992 |   4 |  721.0 |
           Zot |     24 |     24 |      0 |      0 |      7 |   1 |   24.0 |
         Abyss |    270 |    270 |      0 |      0 |    204 |   1 |  270.0 |
        Bazaar |     46 |     46 |      0 |      0 |     18 |   1 |   46.0 |
         Trove |     45 |     45 |      0 |      0 |      3 |   1 |   45.0 |
       Ossuary |    422 |    422 |      0 |    189 |     93 |   1 |  422.0 |
        Bailey |   1395 |   1395 |      0 |    461 |    381 |   1 | 1395.0 |
      Ice Cave |      3 |      3 |      0 |      0 |      0 |   1 |    3.0 |
    Desolation |    679 |    679 |      0 |     51 |    316 |   1 |  679.0 |
               +--------+--------+--------+--------+--------+-----+--------+

Top non-repeatable levels by time:
    D:15: 1906 daAuts
 Snake:1: 1590 daAuts
Vaults:1: 1567 daAuts
 Snake:4: 1550 daAuts
  Lair:5: 1520 daAuts
Vaults:2: 1519 daAuts
Vaults:3: 1516 daAuts
     D:4: 1507 daAuts
  Bailey: 1395 daAuts
    D:10: 1384 daAuts
  Lair:1: 1377 daAuts
     D:5: 1366 daAuts
  Lair:3: 1335 daAuts
  Lair:2: 1286 daAuts
    D:14: 1259 daAuts
